 Dungeon Crawl Stone Soup version 0.30.1-11-g7821555f0a (webtiles) character file.

Game seed: 1028630444139126492

86 Ijustatesigmund the Digger (level 4, -3/25 HPs)
             Began as a Deep Elf Earth Elementalist on Dec 7, 2023.
             Slain by an ice beast (10 damage)
             ... on level 3 of the Dungeon.
             The game lasted 00:03:54 (2319 turns).

Ijustatesigmund the Digger (DEEE)                   Turns: 2319, Time: 00:03:55

Health: -3/25      AC:  3    Str:  5    XL:     4   Next: 26%
Magic:  9/12       EV: 12    Int: 22    God:
Gold:   133        SH:  0    Dex: 15    Spells: 7/11 levels left

rFire   . . .        d - +0 spear
rCold   . . .        (no shield)
rNeg    . . .        a - +0 robe
rPois   .            (no helmet)
rElec   .            (no cloak)
rCorr   .            k - +0 pair of gloves
SInv    .            (no boots)
Will    .....        (no amulet)
Stlth   ++           (no ring)
HPRegen 0.24/turn    (no ring)
MPRegen 0.13/turn

%: no passive effects
@: no status effects
A: no striking features
a: no special abilities


You were on level 3 of the Dungeon.
You visited 1 branch of the dungeon, and saw 3 of its levels.

You collected 133 gold pieces.

Inventory:

Hand Weapons
 d - a +0 spear (weapon)
Armour
 a - a +0 robe (worn)
 k - a +0 pair of gloves (worn)
 l - a +0 buckler
Wands
 n - a wand of flame (15)
 q - a wand of digging (4)
Scrolls
 g - a scroll of fog {unknown}
 i - a scroll of acquirement {unknown}
 m - a scroll of enchant weapon {unknown}
 r - a scroll of teleportation {unknown}
 s - a scroll of summoning {unknown}
Potions
 b - a potion of magic
 c - 4 potions of curing
 e - a potion of invisibility {unknown}
 f - 2 potions of heal wounds {unknown}
 h - 2 potions of flight {unknown}
 j - 2 potions of brilliance {unknown}
 o - 2 potions of ambrosia {unknown}
 p - a potion of attraction {unknown}
 t - a potion of haste {unknown}


   Skills:
 - Level 1.1 Fighting
 - Level 2.4 Dodging
 - Level 2.4 Stealth
 + Level 4.1 Spellcasting
 * Level 1.9 Conjurations
 - Level 1.1 Transmutations
 + Level 4.1 Earth Magic


You had 7 spell levels left.
You knew the following spells:

 Your Spells              Type           Power      Damage    Failure   Level
a - Sandblast             Erth           44%        2d11      1%          1
b - Stone Arrow           Conj/Erth      34%        3d9       10%         3

Your spell library contained the following spells:

 Spells                   Type           Power      Damage    Failure   Level
 Passwall                 Tmut/Erth      13%        N/A       5%          2
 Vhi's Electric Charge    Tloc/Air       8%         N/A       32%         3
 Petrify                  Tmut/Erth      16%        N/A       36%         4
 Arcjolt                  Conj/Air       4%         1d14      91%         5
 Maxwell's Capacitive Co  Air            2%         ∞         100%        8


Dungeon Overview and Level Annotations

Branches:
Dungeon (3/15)

Altars:

Shops:
D:3 (=

Annotations:
D:2 1 runed translucent door, Crazy Yiuf


Message History

You open the door.
There is an open door here.
As you open the door, it creaks loudly!
You hear an angry hiss.
A ball python comes into view.
Casting: Sandblast (safe; 1% risk of failure)
Confirm with . or Enter, or press ? or * to list all spells.
Aiming: Sandblast (safe; 1% risk of failure)
Press: ? - help, Shift-Dir - straight line, f - ball python
Aim: a ball python (wandering, hasn't noticed you, 81% to hit)
The blast of sand hits the ball python!
You kill the ball python!
Found Kuenat's Jewellery Shoppe.
There is an entrance to Kuenat's Jewellery Shoppe here.
Found a leather armour.
An ice beast comes into view.
Casting: Sandblast (safe; 1% risk of failure)
Confirm with . or Enter, or press ? or * to list all spells.
Aiming: Sandblast (safe; 1% risk of failure)
Press: ? - help, Shift-Dir - straight line, f - ice beast
Aim: an ice beast (wandering, hasn't noticed you, 83% to hit)
The blast of sand hits the ice beast!
The ice beast is heavily wounded.
Casting: Sandblast (safe; 1% risk of failure)
Confirm with . or Enter, or press ? or * to list all spells.
Aiming: Sandblast (safe; 1% risk of failure)
Press: ? - help, Shift-Dir - straight line, f/p - ice beast
Aim: an ice beast (moderately wounded, 83% to hit)
The blast of sand hits the ice beast.
The ice beast is heavily wounded.
Casting: Sandblast (safe; 1% risk of failure)
Confirm with . or Enter, or press ? or * to list all spells.
Aiming: Sandblast (safe; 1% risk of failure)
Press: ? - help, Shift-Dir - straight line, f/p - ice beast
Aim: an ice beast (heavily wounded, 83% to hit)
The blast of sand hits the ice beast!
The ice beast is almost dead.
The ice beast hits you. The ice beast freezes you! The ice beast hits you.
* * * LOW HITPOINT WARNING * * *
The ice beast freezes you!
You die...

.......#...<).........
#.######...........### #
#.##....∩..........# ..
....#.#...........#
...#...#.###.........###
......<...............>#
............#.....##.#..
......Y####.#####....#..
.......@....# ########..
##....#.....# #.........
#....+.###.###.........
#....#.. #............#
+. .....#####........# #
.#.....###.######.#
[.#.........## #... ##
##..###....####..#
####.#.#.#.........#


You could see an ice beast.

Vanquished Creatures
  A sleepcap (D:2)
  An adder (D:2)
  A gnoll (D:1)
  A dart slug (D:2)
  6 bats
  2 endoplasms
  3 hobgoblins
  3 quokkas
  7 ball pythons
  5 frilled lizards
  3 goblins
  5 kobolds
  4 rats
42 creatures vanquished.

Notes
Turn   | Place    | Note
-------+----------+-------------------------------------------
     0 | D:1      | Ijustatesigmund the Deep Elf Earth Elementalist began the
                  | quest for the Orb.
     0 | D:1      | Reached XP level 1. HP: 10/10 MP: 6/6
   123 | D:1      | Reached XP level 2. HP: 16/16 MP: 2/8
   399 | D:1      | Found a faded altar of an unknown god.
   537 | D:1      | Reached skill level 1 in Fighting
  1014 | D:2      | Reached XP level 3. HP: 20/20 MP: 8/10
  1029 | D:2      | Learned a level 3 spell: Stone Arrow
  1559 | D:2      | Reached skill level 1 in Conjurations
  1559 | D:2      | Reached XP level 4. HP: 10/25 MP: 0/12
  1795 | D:2      | Found a runed translucent door.
  1796 | D:2      | Noticed Crazy Yiuf
  2134 | D:3      | Found Faphi's Antique Weapon Shoppe.
  2293 | D:3      | Found Kuenat's Jewellery Shoppe.
  2315 | D:3      | Noticed an ice beast
  2319 | D:3      | Slain by an ice beast

Illustrated notes

Levels and vault maps discovered:
D:1:      onia_arrival_handbag, layout_basic, basic_ecumenical_altar,
          minmay_misc_feat_alley, minmay_tiny_reverse_x
D:2:      minmay_alternating_diamond, layout_basic, minmay_pentomino_w2,
          uniq_crazy_yiuf_cottage
D:3:      layout_basic, serial_shops, nicolae_shop_real_fake_doors, shop,
          nicolae_shop_gaudy_bauble, nicolae_shop_pleasant_corner_grove,
          uniq_robin

Skill      XL: |  1  2  3 |
---------------+----------+-----
Fighting       | 1 |  1.1
Spellcasting   | 4 |  4.1
Conjurations   | 1 |  1.9
Earth Magic    | 4 |  4.1
Dodging        | |  2.4
Stealth        | |  2.4
Transmutations | |  1.1

Action                     |  1- 3 |  4- 6 || total
---------------------------+-------+-------++-------
  Melee: Spear             |     3 |       ||     3
   Cast: Sandblast         |    52 |    13 ||    65
    Use: Potion            |     1 |       ||     1
   Stab: Sleeping          |     1 |       ||     1
 Armour: Robe              |     8 |     1 ||     9
  Dodge: Dodged            |    19 |       ||    19
